 Dungeon Crawl Stone Soup version 0.19.1 (webtiles) character file.

1260 Infernelias the Ruffian (level 8, -3/78 HPs)
             Began as a Troll Fighter on Dec 16, 2016.
             Slain by an orc warrior
             ... wielding a +0 halberd
              (15 damage)
             ... on level 6 of the Dungeon on Dec 19, 2016.
             The game lasted 00:12:09 (949 turns).

Infernelias the Ruffian (Troll Fighter)              Turns: 949, Time: 00:12:10

Health: -3/78      AC:  5    Str: 25    XL:     8   Next: 27%
Magic:  7/7        EV: 10    Int:  4    God:
Gold:   70         SH: 10    Dex: 11    Spells: 0 memorised, 7 levels left

rFire  + . .     SeeInvis .     c - +1 morningstar (crush)
rCold  x . .     Gourm    +     a - +0 robe
rNeg   . . .     Faith    .     b - +0 shield
rPois  .         Spirit   .     (helmet restricted)
rElec  .         Reflect  .     (no cloak)
rCorr  .         Harm     .     (gloves unavailable)
MR     .....                    (boots unavailable)
Stlth  +.........               (no amulet)
                                (no ring)
                                i - ring of fire

@: no status effects
A: unfitting armour, claws 3, fast metabolism 3, gourmand, regeneration 1,
shaggy fur 1, tough skin 2
a: no special abilities


You were on level 6 of the Dungeon.
You were not hungry.

You visited 1 branch of the dungeon, and saw 6 of its levels.

You collected 70 gold pieces.

Inventory:

Hand Weapons
 c - a +1 morningstar of crushing (weapon)
Armour
 a - a +0 robe (worn)
 b - a +0 shield (worn)
Jewellery
 i - a ring of fire (left claw)
Scrolls
 g - a scroll of identify
 h - a scroll of fog {unknown}
 k - a scroll of blinking
Potions
 e - a potion of berserk rage {unknown}
 f - 3 potions of lignification
 j - a potion of degeneration {unknown}
 l - a potion of cancellation {unknown}
Comestibles
 d - a bread ration


   Skills:
 + Level 3.7 Fighting
 + Level 0.1 Maces & Flails
 + Level 4.7 Dodging
 + Level 0.9 Stealth
 + Level 5.0 Shields
 + Level 5.9 Unarmed Combat


You had 7 spell levels left.
You didn't know any spells.

Dungeon Overview and Level Annotations

Branches:
Dungeon (6/15)
 Temple: D:4-7

Altars:
Trog


Innate Abilities, Weirdness & Mutations

You are too large for most types of armour.
You have claws for hands.
Your metabolism is lightning-fast.
You like to eat raw meat.
Your natural rate of healing is unusually fast.
You are covered in fur. (AC +1)
You have very tough skin. (AC +2)


Message History

The ogre barely misses you.
An orc comes into view. It is wielding a club.
The orc shouts!
You hit the ogre.
The ogre is severely wounded.
You block the ogre's attack.
You hit the ogre.
The ogre is almost dead.
The ogre hits you with a giant club!
You puncture the ogre!
You kill the ogre!
A jackal comes into view.
You hit the orc but do no damage. You block the orc's attack.
The orc warrior hits you from afar with a halberd!
The orc closely misses you.
The orc warrior hits you from afar with a halberd!!
* * * LOW HITPOINT WARNING * * *
You closely miss the orc. You block the orc's attack.
The orc warrior hits you from afar with a halberd!
You die...

#.#####.# #.#
#.# #.# #.#
#.# #.# #.#
#.# #.# #.#
#.# #.# #.#
... .# #.#
.######.#####
....ooo.....#
##.####@..#.#
##..# h.# ..#
..# ..# #.#
.#


You could see an orc warrior, 2 orcs and a jackal.

Vanquished Creatures
  Pikel (D:5)
  The ghost of asegelite the Grave Robber, an amateur DDNe (D:5)
  Duvessa (D:5)
  An ice beast (D:5)
  A black bear (D:5)
  An ogre (D:6)
  Dowan (D:5)
  2 crimson imps (D:5)
  A centaur zombie (D:5)
  A bullfrog skeleton (D:5)
  A hound (D:5)
  A worker ant (D:5)
  A hound zombie (D:5)
  An ooze (D:1)
  2 leopard geckos (D:2)
  2 orcs (D:5)
  A bat (D:2)
  A giant cockroach (D:3)
  2 goblins (D:2)
  A hobgoblin (D:1)
  4 jackals
  A quokka (D:5)
  A frilled lizard (D:3)
30 creatures vanquished.

Vanquished Creatures (others)
  A hound (D:5)
  A worker ant zombie (D:5)
  An adder (D:5)
  A leopard gecko (D:5)
  2 orcs (D:5)
  6 jackals (D:5)
12 creatures vanquished.

Grand Total: 42 creatures vanquished

Notes
Turn   | Place    | Note
-------+----------+-------------------------------------------
     0 | D:1      | Infernelias the Troll Fighter began the quest for the Orb.
     0 | D:1      | Reached XP level 1. HP: 22/22 MP: 0/0
   106 | D:1      | Reached XP level 2. HP: 27/29 MP: 1/1
   367 | D:5      | Entered Level 5 of the Dungeon
   381 | D:5      | Noticed a slave
   382 | D:5      | Noticed a slave
   383 | D:5      | Noticed a slave
   384 | D:5      | Noticed Pikel
   385 | D:5      | Noticed a crimson imp
   385 | D:5      | Noticed a slave
   404 | D:5      | Killed Pikel
   404 | D:5      | Reached XP level 3. HP: 15/37 MP: 2/2
   404 | D:5      | Reached XP level 4. HP: 18/45 MP: 3/3
   404 | D:5      | Reached XP level 5. HP: 22/53 MP: 4/4
   404 | D:5      | Reached XP level 6. HP: 25/61 MP: 5/5
   416 | D:5      | Noticed asegelite's ghost (amateur DDNe)
   433 | D:5      | Killed asegelite's ghost
   433 | D:5      | Reached XP level 7. HP: 28/67 MP: 6/6
   550 | D:5      | Reached skill level 5 in Unarmed Combat
   672 | D:5      | Found a bloodstained altar of Trog.
   707 | D:5      | Reached XP level 8. HP: 78/78 MP: 7/7
   721 | D:5      | Noticed Duvessa
   721 | D:5      | Noticed Dowan
   738 | D:5      | Killed Duvessa
   738 | D:5      | Reached skill level 5 in Shields
   741 | D:5      | Killed Dowan
   949 | D:6      | Slain by an orc warrior

Skill      XL: |  1  2  3  4  5  6  7  8 |
---------------+-------------------------+-----
Fighting       | 3 |  3.7
Dodging        | 3 4 |  4.7
Shields        | 4 5 |  5.0
Unarmed Combat | 3 4 5 |  5.9
Maces & Flails | |  0.1
Stealth        | |  0.9

Action                   |  1- 3 |  4- 6 |  7- 9 || total
-------------------------+-------+-------+-------++-------
Melee: Unarmed           |    56 |    12 |    62 ||   130
       Morningstar       |       |       |     6 ||     6
  Use: Potion            |     3 |     1 |       ||     4
       Scroll            |     3 |       |     2 ||     5
 Stab: Sleeping          |       |       |     1 ||     1
  Eat: Bread ration      |     1 |       |       ||     1
       Meat ration       |       |       |     1 ||     1
Armor: Robe              |    22 |     1 |     9 ||    32
Dodge: Dodged            |    20 |     4 |    20 ||    44
Block: Shield            |    28 |     6 |    30 ||    64
